[Event "ICC tourney 2545 (5 3)"]
[Site "Internet Chess Club"]
[Date "2021.04.11"]
[Round "3"]
[White "racerbil"]
[Black "montgomerydvd"]
[Result "1-0"]
[ICCResult "Black resigns"]
[WhiteElo "1490"]
[BlackElo "1170"]
[Opening "Scandinavian (center counter) defense"]
[ECO "B01"]
[NIC "SD.02"]
[Time "14:52:10"]
[TimeControl "300+3"]

1. e4 d5 2. exd5 Qxd5 3. Nc3 Qd8 4. d4 e6 5. Nf3 Nf6 6. Bf4 Be7 7. Bd3 c6 8.
O-O O-O 9. Qe2 Nbd7 10. Rfe1 b5 11. Rad1 Bb7 12. a3 a6 13. b4 Nd5 14. Qe4
N7f6 15. Qe5 Nxc3 16. Bg5 Ncd5 17. c4 bxc4 18. Bxc4 Bd6 19. Bxf6 Qxf6 20.
Qxd6 Nc3 21. Rc1 Nb5 22. Qg3 Rad8 23. Qh3 Nd6 24. Bd3 g6 25. Ne5 Nf5 26. Ng4
Qg7 27. Bxf5 exf5 28. Nh6+ Kh8 29. Re3 c5 30. Rg3 Bc8 31. Rg5 f4 32. Qh4 f6
33. Rgxc5 Bf5 34. Nxf5 gxf5 35. Rxf5 Rxd4 36. Rxf4 Rxf4 37. Qxf4 h6 38. Rc7
Kh7 39. Rxg7+ Kxg7 40. Qc7+ Kg6 41. Qc2+ f5 42. g4 Rf6 43. f4 Rf7 44. h4 Kg7
45. gxf5 Rf6 46. Qc3 h5 47. a4 a5 48. b5 Kf7 49. b6 Rd6 50. b7 {Black
resigns} 1-0

[Event "ICC tourney 2545 (5 3)"]
[Site "Internet Chess Club"]
[Date "2021.04.11"]
[Round "3"]
[White "vaishnavdurgasi"]
[Black "jps7"]
[Result "1-0"]
[ICCResult "Black checkmated"]
[WhiteElo "1371"]
[BlackElo "1493"]
[Opening "Queen's gambit declined"]
[ECO "D30"]
[NIC "QP.08"]
[Time "14:52:49"]
[TimeControl "300+3"]

1. d4 d5 2. c4 e6 3. Nf3 Nf6 4. g3 b6 5. Bg2 Bb7 6. O-O Bd6 7. b3 O-O 8. Bb2
Nbd7 9. Nbd2 Ne4 10. Re1 f5 11. Rc1 Rc8 12. Nxe4 fxe4 13. Nd2 Qf6 14. Rf1 c5
15. e3 cxd4 16. cxd5 e5 17. Nxe4 Qg6 18. exd4 Bxd5 19. Nxd6 Bxg2 20. Nxc8
Bxf1 21. Ne7+ Kh8 22. Nxg6+ hxg6 23. Kxf1 exd4 24. Qxd4 Nf6 25. Rc6 Re8 26.
Rxf6 gxf6 27. Qxf6+ Kh7 28. Qg7# {Black checkmated} 1-0

[Event "ICC tourney 2545 (5 3)"]
[Site "Internet Chess Club"]
[Date "2021.04.11"]
[Round "3"]
[White "jfk2014"]
[Black "victorking67"]
[Result "1-0"]
[ICCResult "Black checkmated"]
[WhiteElo "1963"]
[BlackElo "1446"]
[Opening "French: Chigorin variation"]
[ECO "C00"]
[NIC "FR.01"]
[Time "14:52:29"]
[TimeControl "300+3"]

1. e4 e6 2. Qe2 Qh4 3. Nf3 Qd8 4. g3 Nc6 5. Bg2 Nb4 6. d4 Nf6 7. c3 Nc6 8.
O-O Nb8 9. Ne1 Ng8 10. f4 a6 11. a4 Nc6 12. Nd3 Nce7 13. Nd2 Nc6 14. f5 Nge7
15. g4 h6 16. b4 Nb8 17. Ne5 Ng8 18. fxe6 dxe6 19. Nxf7 Qe7 20. Nxh8 Nf6 21.
Ng6 Qd8 22. Nxf8 Kxf8 23. e5 Kg8 24. exf6 gxf6 25. Ne4 Nc6 26. Nxf6+ Kh8 27.
Bxc6 bxc6 28. Qe5 Bb7 29. Nh5+ Kg8 30. Qg7# {Black checkmated} 1-0

[Event "ICC tourney 2545 (5 3)"]
[Site "Internet Chess Club"]
[Date "2021.04.11"]
[Round "3"]
[White "Goran21"]
[Black "carokannforlife"]
[Result "1-0"]
[ICCResult "Black resigns"]
[WhiteElo "1889"]
[BlackElo "1498"]
[Opening "English opening"]
[ECO "A20"]
[NIC "EO.25"]
[Time "14:53:02"]
[TimeControl "300+3"]

1. c4 e5 2. b3 Nf6 3. Bb2 Nc6 4. e3 d5 5. cxd5 Nxd5 6. a3 Be7 7. d3 O-O 8.
Nf3 Qd6 9. Nbd2 Bg4 10. Be2 f5 11. Nc4 Qe6 12. Ncxe5 Nxe5 13. Nxe5 Rae8 14.
Nxg4 fxg4 15. Bxg4 Qg6 16. Bf3 Nf4 17. O-O Nxd3 18. Bh5 Nxb2 19. Qd5+
{Black resigns}
1-0

[Event "ICC tourney 2545 (5 3)"]
[Site "Internet Chess Club"]
[Date "2021.04.11"]
[Round "3"]
[White "aronsp"]
[Black "Tlaloc"]
[Result "0-1"]
[ICCResult "White resigns"]
[WhiteElo "1482"]
[BlackElo "2474"]
[Opening "Queen's Pawn"]
[ECO "A41"]
[NIC "QO.17"]
[Time "14:53:23"]
[TimeControl "300+3"]

1. d4 d6 2. g3 Nf6 3. Bg2 Nbd7 4. Nf3 e5 5. O-O Be7 6. b3 O-O 7. dxe5 dxe5
8. Bb2 e4 9. Nc3 exf3 10. Bxf3 c6 11. e3 Qc7 12. Bg2 Re8 13. Qd4 Bf8 14. Ne4
Nxe4 15. Bxe4 Qe5 16. Qxe5 Nxe5 17. Bg2 Bf5 18. Rac1 Rad8 19. c4 Nd3 20. Rc2
Nxb2 21. Rxb2 Ba3 22. Re2 Bd3 23. Ree1 Bxf1 24. Rxf1 Rd2 {White resigns} 0-1

[Event "ICC tourney 2545 (5 3)"]
[Site "Internet Chess Club"]
[Date "2021.04.11"]
[Round "3"]
[White "nhallmark01"]
[Black "BIRDSMAN"]
[Result "1-0"]
[ICCResult "Black checkmated"]
[WhiteElo "1588"]
[BlackElo "1201"]
[Opening "Sicilian"]
[ECO "B56"]
[NIC "SI.25"]
[Time "14:53:43"]
[TimeControl "300+3"]

1. e4 c5 2. Nf3 d6 3. d4 cxd4 4. Nxd4 Nf6 5. Nc3 Nc6 6. Ndb5 a6 7. Nd4 e5 8.
Nf3 Be7 9. Bc4 O-O 10. O-O Be6 11. Nd5 Nxe4 12. Qd3 Nf6 13. Ng5 Bxd5 14.
Bxd5 Nxd5 15. Qxh7# {Black checkmated} 1-0

[Event "ICC tourney 2545 (5 3)"]
[Site "Internet Chess Club"]
[Date "2021.04.11"]
[Round "3"]
[White "yitongjianghu"]
[Black "twarzap1"]
[Result "1-0"]
[ICCResult "Black checkmated"]
[WhiteElo "1361"]
[BlackElo "965"]
[Opening "Ponziani opening"]
[ECO "C44"]
[NIC "KP.05"]
[Time "14:52:17"]
[TimeControl "300+3"]

1. Nf3 Nc6 2. e4 e5 3. c3 a5 4. d4 Nb4 5. cxb4 axb4 6. Nxe5 Nf6 7. Bc4 Qe7
8. O-O d6 9. Nxf7 Rg8 10. e5 g5 11. exf6 Rg7 12. fxg7 Bxg7 13. Bxg5 Ra4 14.
Bxe7 Kxe7 15. Qxa4 Bg4 16. Re1+ Kf6 17. Qe8 Kg6 18. Qe4+ Kh5 19. Qxh7+ Bh6
20. Qxh6# {Black checkmated} 1-0

[Event "ICC tourney 2545 (5 3)"]
[Site "Internet Chess Club"]
[Date "2021.04.11"]
[Round "3"]
[White "Saavedra"]
[Black "ybabji"]
[Result "0-1"]
[ICCResult "White resigns"]
[WhiteElo "1446"]
[BlackElo "1235"]
[Opening "QGD: exchange, positional line"]
[ECO "D35"]
[NIC "QP.08"]
[Time "14:54:06"]
[TimeControl "300+3"]

1. d4 d5 2. c4 e6 3. cxd5 exd5 4. Nc3 Nf6 5. Bg5 Be7 6. Nf3 Nbd7 7. e3 h6 8.
Bxf6 Nxf6 9. Bd3 Bd6 10. Bc2 c6 11. Qd3 Be6 12. O-O-O a6 13. Rde1 Qb6 14. e4
dxe4 15. Nxe4 Nxe4 16. Qxe4 O-O-O 17. Re3 Bxa2 18. Rhe1 Be6 19. Qd3 Bf4 20.
Ne5 Rxd4 21. Qb3 Bxb3 {White resigns} 0-1

[Event "ICC tourney 2545 (5 3)"]
[Site "Internet Chess Club"]
[Date "2021.04.11"]
[Round "3"]
[White "jbowman3"]
[Black "TLRanger"]
[Result "0-1"]
[ICCResult "White checkmated"]
[WhiteElo "1225"]
[BlackElo "1230"]
[Opening "Dunst (Sleipner, Heinrichsen) opening"]
[ECO "A00"]
[NIC "VO.15"]
[Time "14:53:43"]
[TimeControl "300+3"]

1. Nc3 d5 2. e4 dxe4 3. Nxe4 Bf5 4. Ng3 Bg6 5. Nf3 c5 6. Bc4 e6 7. O-O Nc6
8. d3 Bd6 9. Re1 Nf6 10. Nf5 Bxf5 11. Nh4 Bg6 12. Nxg6 hxg6 13. Qe2 Bxh2+
14. Kf1 Nd4 15. Qd2 Bf4 16. Qc3 Rh1# {White checkmated} 0-1

[Event "ICC tourney 2545 (5 3)"]
[Site "Internet Chess Club"]
[Date "2021.04.11"]
[Round "3"]
[White "QvC"]
[Black "DWGriff"]
[Result "1-0"]
[ICCResult "Black resigns"]
[WhiteElo "2357"]
[BlackElo "1703"]
[Opening "Queen's pawn, Mason variation, Steinitz counter-gambit"]
[ECO "D00"]
[NIC "QP.08"]
[Time "14:52:18"]
[TimeControl "300+3"]

1. d4 d5 2. Bf4 c5 3. e3 Qb6 4. Nc3 e6 5. Nb5 Na6 6. c3 Bd7 7. a4 Nf6 8. Nf3
Bxb5 9. Bxb5+ Nd7 10. Ne5 Nb8 11. Qf3 a6 12. Bxd7+ Nxd7 13. Nxf7 Qxb2 14.
O-O Kxf7 15. Rab1 Qxc3 16. Rxb7 Ke8 17. Qg4 Be7 18. Qxe6 Rd8 19. Bd6
{Black resigns}
1-0

[Event "ICC tourney 2545 (5 3)"]
[Site "Internet Chess Club"]
[Date "2021.04.11"]
[Round "3"]
[White "sandeep3345"]
[Black "devimuru"]
[Result "1-0"]
[ICCResult "Black resigns"]
[WhiteElo "1419"]
[BlackElo "1057"]
[Opening "Queen's pawn game, Chigorin variation"]
[ECO "D02"]
[NIC "QP.08"]
[Time "14:52:41"]
[TimeControl "300+3"]

1. d4 d5 2. Nf3 Nc6 3. Nc3 Nf6 4. h3 Bf5 5. e3 e6 6. a3 Bd6 7. Bd3 Bxd3 8.
Qxd3 e5 9. dxe5 Bxe5 10. Nxe5 Nxe5 11. Qb5+ c6 12. Qxb7 O-O 13. O-O Qb8 14.
Qxb8 Raxb8 15. b4 Ne4 16. Nxe4 dxe4 17. Bb2 Ng6 18. f3 exf3 19. Rxf3 Nh4 20.
Rg3 c5 21. Rxg7+ Kh8 22. Rg4+ f6 23. Rxh4 h5 24. Rxh5+ Kg8 25. Rxc5 Kg7 26.
Rd1 {Black resigns} 1-0

[Event "ICC tourney 2545 (5 3)"]
[Site "Internet Chess Club"]
[Date "2021.04.11"]
[Round "3"]
[White "Havanah"]
[Black "arconia"]
[Result "1-0"]
[ICCResult "Black resigns"]
[WhiteElo "1431"]
[BlackElo "986"]
[Opening "French: advance, Paulsen attack"]
[ECO "B30"]
[NIC "SI.31"]
[Time "14:53:43"]
[TimeControl "300+3"]

1. e4 c5 2. Nf3 Nc6 3. c3 e6 4. d4 d5 5. e5 cxd4 6. cxd4 Bb4+ 7. Nc3 Nge7 8.
Bd3 O-O 9. Bxh7+ Kxh7 10. Ng5+ Kg8 11. Qh5 Bxc3+ 12. bxc3 {Black resigns}
1-0

[Event "ICC tourney 2545 (5 3)"]
[Site "Internet Chess Club"]
[Date "2021.04.11"]
[Round "3"]
[White "Openyagami"]
[Black "siddhu"]
[Result "1-0"]
[ICCResult "Black resigns"]
[WhiteElo "2549"]
[BlackElo "1782"]
[Opening "QGD Slav accepted"]
[ECO "D15"]
[NIC "SL.03"]
[Time "14:52:50"]
[TimeControl "300+3"]

1. c4 c6 2. Nf3 d5 3. d4 Nf6 4. Nc3 dxc4 5. g3 g6 6. Bg2 Bg7 7. O-O O-O 8.
a4 Na6 9. Bg5 Nb4 10. a5 Nbd5 11. Qa4 Nxc3 12. bxc3 Be6 13. Nd2 Bd5 14. e4
Be6 15. Nxc4 Qd7 16. Ne5 Qc7 17. Rfb1 h6 18. Bf4 g5 19. Be3 Nd7 20. Nd3 b5
21. axb6 axb6 22. Qxa8 Rxa8 23. Rxa8+ Kh7 24. e5 Bf5 25. Rd1 e6 26. Nb4 c5
27. Na6 {Black resigns} 1-0

[Event "ICC tourney 2545 (5 3)"]
[Site "Internet Chess Club"]
[Date "2021.04.11"]
[Round "3"]
[White "CCAadminDave"]
[Black "marioseixas1992"]
[Result "1-0"]
[ICCResult "Black checkmated"]
[WhiteElo "1567"]
[BlackElo "1316"]
[Opening "Sicilian defense"]
[ECO "B30"]
[NIC "SI.31"]
[Time "14:53:15"]
[TimeControl "300+3"]

1. e4 c5 2. Nf3 Nc6 3. c3 g6 4. d4 cxd4 5. cxd4 Bg7 6. Nc3 e6 7. Be3 Nge7 8.
Qd2 O-O 9. Bh6 d5 10. O-O-O dxe4 11. Nxe4 Nd5 12. h4 Qb6 13. h5 gxh5 14.
Rxh5 Bxh6 15. Qxh6 Ncb4 16. Qxh7# {Black checkmated} 1-0

[Event "ICC tourney 2545 (5 3)"]
[Site "Internet Chess Club"]
[Date "2021.04.11"]
[Round "3"]
[White "MyNaughtyKnight"]
[Black "Ashibarai"]
[Result "0-1"]
[ICCResult "White resigns"]
[WhiteElo "1261"]
[BlackElo "1581"]
[Opening "French: Albin-Alekhine-Châtard attack, Maróczy variation"]
[ECO "C13"]
[NIC "FR.06"]
[Time "14:54:43"]
[TimeControl "300+3"]

1. e4 e6 2. d4 d5 3. Nc3 Nf6 4. Bg5 Be7 5. e5 Nfd7 6. h4 a6 7. Nh3 c5 8. Bd3
Nc6 9. f4 cxd4 10. Ne2 Nc5 11. Bxe7 Qxe7 12. Ng5 h6 13. Nf3 Nxd3+ 14. Qxd3
Qb4+ 15. Kf2 Bd7 16. a3 Qb6 17. b4 Rc8 18. Nc1 Ne7 19. Nb3 Bb5 20. Qxd4
Rxc2+ 21. Kg3 Nf5+ {White resigns} 0-1

[Event "ICC tourney 2545 (5 3)"]
[Site "Internet Chess Club"]
[Date "2021.04.11"]
[Round "3"]
[White "dcole"]
[Black "Dingsparov"]
[Result "1-0"]
[ICCResult "Black resigns"]
[WhiteElo "1818"]
[BlackElo "1471"]
[Opening "Sicilian: Najdorf"]
[ECO "B90"]
[NIC "SI.14"]
[Time "14:53:23"]
[TimeControl "300+3"]

1. e4 c5 2. Nf3 d6 3. d4 cxd4 4. Nxd4 Nf6 5. Nc3 a6 6. a4 e6 7. Be2 Be7 8.
Be3 O-O 9. O-O Qc7 10. f4 Nbd7 11. Kh1 Nc5 12. Bf3 Rb8 13. Qe1 b6 14. Nb3
Bb7 15. Nxc5 dxc5 16. e5 Bxf3 17. exf6 Bxg2+ 18. Kxg2 Bxf6 19. Rd1 Qc6+ 20.
Kg1 b5 21. axb5 axb5 22. Bf2 b4 23. Ne4 Bxb2 24. Nxc5 Bc3 25. Qe4 Qb5 26.
Nd7 Rbd8 27. Nxf8 Rxf8 28. Rd3 Bf6 29. Rb1 Rb8 30. Rdb3 g6 31. Rxb4
{Black resigns}
1-0

[Event "ICC tourney 2545 (5 3)"]
[Site "Internet Chess Club"]
[Date "2021.04.11"]
[Round "3"]
[White "Casopis"]
[Black "Maher1278"]
[Result "1-0"]
[ICCResult "Black checkmated"]
[WhiteElo "1650"]
[BlackElo "1375"]
[Opening "French defense"]
[ECO "C01"]
[NIC "FR.01"]
[Time "14:53:23"]
[TimeControl "300+3"]

1. e4 e6 2. d4 Qh4 3. Bd3 Bb4+ 4. c3 Bd6 5. Nf3 Qf6 6. e5 Bxe5 7. dxe5 Qe7
8. Bg5 f6 9. exf6 gxf6 10. Be3 d5 11. O-O Nc6 12. Nbd2 Bd7 13. b4 O-O-O 14.
a4 b6 15. Ba6+ Kb8 16. a5 b5 17. Bxb5 Ne5 18. Bxd7 Rxd7 19. Nd4 h5 20. Bf4
Rd6 21. Qa4 a6 22. Bxe5 fxe5 23. Nc6+ Rxc6 24. Qxc6 Nf6 25. Qxa6 e4 26. Qb5+
Kc8 27. a6 Qd6 28. a7 c6 29. a8=Q+ Qb8 30. Qaxb8+ Kd7 31. Q5b7#
{Black checkmated}
1-0

[Event "ICC tourney 2545 (5 3)"]
[Site "Internet Chess Club"]
[Date "2021.04.11"]
[Round "3"]
[White "MichaelIC"]
[Black "Xuanli28"]
[Result "0-1"]
[ICCResult "White resigns"]
[WhiteElo "1473"]
[BlackElo "1671"]
[Opening "Sicilian: dragon variation"]
[ECO "B70"]
[NIC "SI.15"]
[Time "14:53:23"]
[TimeControl "300+3"]

1. e4 c5 2. Nf3 d6 3. d4 cxd4 4. Nxd4 Nf6 5. Nc3 g6 6. g3 Bg7 7. Bg2 Bd7 8.
O-O Nc6 9. Nde2 a6 10. a4 O-O 11. Nd5 Rc8 12. h3 Nxd5 13. exd5 Ne5 14. c3 b5
15. axb5 Bxb5 16. Kh2 Qc7 17. f4 Nd3 18. Qxd3 {White resigns} 0-1

[Event "ICC tourney 2545 (5 3)"]
[Site "Internet Chess Club"]
[Date "2021.04.11"]
[Round "3"]
[White "Ecalevolkk"]
[Black "mhebden"]
[Result "0-1"]
[ICCResult "White resigns"]
[WhiteElo "1660"]
[BlackElo "2509"]
[Opening "Bird's opening"]
[ECO "A03"]
[NIC "VO.07"]
[Time "14:53:00"]
[TimeControl "300+3"]

1. f4 d5 2. e3 g6 3. d3 Bg7 4. e4 dxe4 5. dxe4 Qxd1+ 6. Kxd1 e5 7. g3 Nc6 8.
Nf3 Bg4 9. Be2 O-O-O+ 10. Ke1 exf4 11. gxf4 Nf6 12. Nc3 Nb4 13. Kf2 Nxc2 14.
Rb1 Nb4 15. Be3 a6 16. Ne5 Be6 17. a3 Nc2 18. Rbd1 Nxe3 19. Kxe3 Nd7 20. Nc4
Rhe8 21. Kf2 Bxc3 22. bxc3 Bxc4 23. Bxc4 Rxe4 24. Bd5 Rxf4+ 25. Kg3 Rf5 26.
Rhf1 Rxf1 27. Rxf1 Ne5 28. Be4 f5 29. Bc2 Rd2 30. Bb1 Kd7 31. Re1 Kd6 32. h4
b5 33. h5 Nc4 34. hxg6 hxg6 35. a4 Na3 36. Kf4 Nxb1 37. Rxb1 c6 38. axb5
axb5 39. Rg1 Rd3 40. Rxg6+ Kc5 41. Kxf5 Rxc3 42. Ke4 b4 43. Rg5+ Kc4 44. Rg8
c5 45. Rb8 Rc1 46. Ke3 Kc3 47. Rb5 c4 48. Ke2 b3 49. Rb8 b2 {White resigns}
0-1

[Event "ICC tourney 2545 (5 3)"]
[Site "Internet Chess Club"]
[Date "2021.04.11"]
[Round "3"]
[White "meghna"]
[Black "Mapking1"]
[Result "1-0"]
[ICCResult "Black checkmated"]
[WhiteElo "1336"]
[BlackElo "1488"]
[Opening "Sicilian: dragon variation"]
[ECO "B70"]
[NIC "SI.15"]
[Time "14:52:47"]
[TimeControl "300+3"]

1. e4 c5 2. Nf3 d6 3. d4 cxd4 4. Nxd4 Nf6 5. Nc3 g6 6. Bg5 Bg7 7. Nf3 O-O 8.
Bd3 Nc6 9. O-O a6 10. Rb1 Bg4 11. h3 Bxf3 12. Qxf3 Ne5 13. Qe2 b5 14. f4
Nxd3 15. Qxd3 b4 16. Nd5 Nxd5 17. exd5 Re8 18. f5 Ra7 19. fxg6 hxg6 20. h4
Qb6+ 21. Be3 Qc7 22. h5 gxh5 23. Rf5 Rb7 24. Rxh5 e6 25. Qh7+ Kf8 26. Bh6
Bxh6 27. Rxh6 e5 28. Qh8+ Ke7 29. Qf6+ Kf8 30. Rh8# {Black checkmated} 1-0

[Event "ICC tourney 2545 (5 3)"]
[Site "Internet Chess Club"]
[Date "2021.04.11"]
[Round "3"]
[White "sekere"]
[Black "joey0926"]
[Result "1-0"]
[ICCResult "Black resigns"]
[WhiteElo "1530"]
[BlackElo "1347"]
[Opening "Vienna game"]
[ECO "C25"]
[NIC "VG.04"]
[Time "14:53:26"]
[TimeControl "300+3"]

1. e4 e5 2. Nc3 Bc5 3. f4 d6 4. Nf3 Nc6 5. Bb5 exf4 6. d4 Bb6 7. Bxf4 Bd7 8.
Nd5 Nge7 9. Nxb6 axb6 10. c3 O-O 11. O-O f5 12. Bc4+ Kh8 13. Ng5 Be8 14. Ne6
Qc8 15. Nxf8 Bg6 16. Nxg6+ Nxg6 17. Qh5 fxe4 18. Rae1 Nxf4 19. Rxf4 Ra5 20.
Qf7 h6 21. Rfxe4 Qf5 22. Re8+ Kh7 23. Qxf5+ Rxf5 24. Bd3 {Black resigns} 1-0

[Event "ICC tourney 2545 (5 3)"]
[Site "Internet Chess Club"]
[Date "2021.04.11"]
[Round "3"]
[White "Fimachess2021"]
[Black "ionplayr"]
[Result "1-0"]
[ICCResult "Black checkmated"]
[WhiteElo "1459"]
[BlackElo "1152"]
[Opening "Queen's gambit accepted"]
[ECO "D20"]
[NIC "QG.03"]
[Time "14:52:14"]
[TimeControl "300+3"]

1. d4 d5 2. c4 dxc4 3. e3 Nf6 4. Bxc4 Nc6 5. Nc3 h6 6. h3 e6 7. Nf3 Be7 8.
O-O Na5 9. Bd3 Nc6 10. a3 Na5 11. b4 Nc6 12. b5 Nb8 13. Ne5 Nbd7 14. f4 Nxe5
15. fxe5 Nh7 16. Ne4 O-O 17. Qc2 f5 18. exf6 Nxf6 19. Nxf6+ Bxf6 20. Bh7+
Kh8 21. Be4 Rb8 22. Bb2 Qe7 23. Rad1 Bd7 24. a4 c6 25. Qb3 cxb5 26. axb5 b6
27. Ba3 Qf7 28. Bxf8 Rxf8 29. Rc1 Qe7 30. Rc7 Qd6 31. Rxa7 Rb8 32. Rfa1 Rc8
33. Rd1 Be7 34. Bb1 Kg8 35. Qd3 Kf8 36. Rf1+ Bf6 37. Qg6 Be8 38. Rxf6+ gxf6
39. Qxf6+ Bf7 40. Qxf7# {Black checkmated} 1-0

[Event "ICC tourney 2545 (5 3)"]
[Site "Internet Chess Club"]
[Date "2021.04.11"]
[Round "3"]
[White "krankenstein"]
[Black "Grayson0405"]
[Result "0-1"]
[ICCResult "White resigns"]
[WhiteElo "1239"]
[BlackElo "1495"]
[Opening "Queen's pawn game"]
[ECO "A45"]
[NIC "QP.07"]
[Time "14:53:43"]
[TimeControl "300+3"]

1. d4 Nf6 2. h3 g6 3. Nf3 Bg7 4. Bf4 O-O 5. e3 d6 6. Nc3 Nbd7 7. Be2 Re8 8.
O-O b6 9. e4 Bb7 10. d5 e5 11. dxe6 fxe6 12. Bh2 Nxe4 13. Nxe4 Bxe4 14. Bd3
Bxd3 15. Qxd3 Bxb2 16. Rae1 Bg7 17. Bg3 e5 18. Bh4 Qb8 19. Qb3+ Kh8 20. Ng5
Bf6 21. Nf7+ Kg7 22. Bxf6+ Kxf6 23. Nh6 Kg7 24. Qf7+ Kxh6 25. Qxd7 Qd8 26.
Qg4 Qg5 27. Qc4 Rac8 28. f4 exf4 29. Rxe8 Rxe8 30. Rxf4 Qc5+ 31. Kh2 Qxc4
32. Rxc4 c5 33. Rh4+ Kg7 34. c4 Re2 35. a4 Ra2 36. Re4 Rxa4 37. Re7+ Kh6 38.
Re4 d5 39. Rh4+ Kg7 40. g3 Rxc4 41. Rxc4 dxc4 {White resigns} 0-1

[Event "ICC tourney 2545 (5 3)"]
[Site "Internet Chess Club"]
[Date "2021.04.11"]
[Round "3"]
[White "MasterZachary"]
[Black "ickyquarter"]
[Result "1-0"]
[ICCResult "Black resigns"]
[WhiteElo "2175"]
[BlackElo "1668"]
[Opening "Sicilian: dragon, Yugoslav attack, 7...O-O"]
[ECO "B76"]
[NIC "SI.17"]
[Time "14:52:33"]
[TimeControl "300+3"]

1. e4 c5 2. Nf3 d6 3. d4 cxd4 4. Nxd4 Nf6 5. Nc3 g6 6. Be3 Bg7 7. f3 O-O 8.
Qd2 Nc6 9. g4 Be6 10. Nxe6 fxe6 11. O-O-O Ne5 12. Be2 Rc8 13. h4 Nc4 14.
Bxc4 Rxc4 15. e5 Nd7 16. exd6 exd6 17. Qxd6 Bxc3 18. Qxe6+ Kh8 19. Qxc4 Bg7
20. Bd4 Qe7 21. Bxg7+ Qxg7 22. Qd4 Ne5 23. h5 Nxf3 24. Qxg7+ Kxg7 25. hxg6
Kxg6 26. Rd6+ Kg5 27. Rxh7 Re8 28. b3 Kxg4 29. Rxb7 Re1+ 30. Kb2 Re2 31.
Rxa7 Ne1 32. Rc7 Kf5 33. a4 Nf3 34. a5 Ne5 35. a6 Rh2 36. a7 Rh8 37. Rb6 Ra8
38. Rb8 Rxb8 39. axb8=Q Nd3+ 40. cxd3 Kf6 41. Qe8 Kf5 42. Rf7+ Kg5 43. Qg8+
{Black resigns}
1-0

[Event "ICC tourney 2545 (5 3)"]
[Site "Internet Chess Club"]
[Date "2021.04.11"]
[Round "3"]
[White "ZenChess"]
[Black "VDMA"]
[Result "1-0"]
[ICCResult "Black resigns"]
[WhiteElo "1867"]
[BlackElo "1543"]
[Opening "Pirc defense"]
[ECO "B07"]
[NIC "PU.08"]
[Time "14:52:11"]
[TimeControl "300+3"]

1. e4 d6 2. d4 Nf6 3. Nc3 Nc6 4. Nf3 g6 5. Bg5 Bg7 6. Qd2 h6 7. Bf4 a6 8.
O-O-O Bg4 9. Qe3 Qc8 10. h3 Bxf3 11. gxf3 e5 12. dxe5 dxe5 13. Bh2 O-O 14.
Bc4 Na5 15. Be2 Qe6 16. Qc5 Nc6 17. Bc4 Qxh3 18. Bg3 Qc8 19. Rdg1 Nh5 20.
Rxh5 gxh5 21. Bxe5 {Black resigns} 1-0

[Event "ICC tourney 2545 (5 3)"]
[Site "Internet Chess Club"]
[Date "2021.04.11"]
[Round "3"]
[White "jmpe"]
[Black "tacticaltal"]
[Result "1-0"]
[ICCResult "Black resigns"]
[WhiteElo "1568"]
[BlackElo "1381"]
[Opening "English opening"]
[ECO "A22"]
[NIC "EO.10"]
[Time "14:52:17"]
[TimeControl "300+3"]

1. c4 e5 2. Nc3 Nf6 3. d3 d5 4. Bd2 d4 5. Nb1 b6 6. g3 Bb7 7. Nf3 e4 8. dxe4
Bxe4 9. Bg2 c5 10. Bg5 h6 11. Bxf6 Qxf6 12. Nbd2 Bc6 13. Rb1 Bd6 14. O-O O-O
15. a3 Bc7 16. b4 Nd7 17. bxc5 bxc5 18. Qc2 Rfe8 19. Rfe1 Re7 20. Nb3 Rae8
21. Nh4 Ba4 22. Bf3 Ba5 23. Rf1 Ne5 24. Bd5 g5 25. Qf5 Qa6 26. Nxa5 Qxa5 27.
Ng6 Rd7 28. Nxe5 Rxd5 29. Qxf7+ Kh8 30. Qxe8+ Bxe8 31. cxd5 Bb5 32. d6 c4
33. d7 Bxd7 34. Nxd7 Qxa3 35. Rb7 c3 36. Nf6 {Black resigns} 1-0

[Event "ICC tourney 2545 (5 3)"]
[Site "Internet Chess Club"]
[Date "2021.04.11"]
[Round "3"]
[White "robbonz"]
[Black "BK10"]
[Result "0-1"]
[ICCResult "White checkmated"]
[WhiteElo "682"]
[BlackElo "1564"]
[Opening "Sicilian: closed, 2...Nc6"]
[ECO "B23"]
[NIC "SI.44"]
[Time "14:52:40"]
[TimeControl "300+3"]

1. e4 c5 2. Nc3 Nc6 3. Nf3 e5 4. Bb5 Nf6 5. Bxc6 dxc6 6. Nxe5 Nxe4 7. Nxe4
Qd5 8. f3 Qxe5 9. d3 f5 10. O-O fxe4 11. Re1 Bf5 12. dxe4 Be6 13. f4 Qd4+
14. Qxd4 cxd4 15. e5 O-O-O 16. c3 Bc5 17. Rd1 dxc3+ 18. Kf1 Rxd1+ 19. Ke2
Bg4# {White checkmated} 0-1

[Event "ICC tourney 2545 (5 3)"]
[Site "Internet Chess Club"]
[Date "2021.04.11"]
[Round "3"]
[White "infacant"]
[Black "Artist2020"]
[Result "0-1"]
[ICCResult "White resigns"]
[WhiteElo "1308"]
[BlackElo "1839"]
[Opening "Caro-Kann defense"]
[ECO "B10"]
[NIC "CK.01"]
[Time "14:53:05"]
[TimeControl "300+3"]

1. e4 c6 2. Nf3 d5 3. exd5 cxd5 4. d4 Nc6 5. Nc3 Nf6 6. Bg5 Bg4 7. Be2 e6 8.
O-O Be7 9. h3 Bh5 10. Ne5 Bxe2 11. Nxe2 O-O 12. Nxc6 bxc6 13. c3 Ne4 14.
Bxe7 Qxe7 15. f3 Nd6 16. b3 a5 17. Qc2 Nf5 18. Qd3 c5 19. g4 Nh4 20. dxc5
Qxc5+ 21. Qd4 Rfc8 22. Qxc5 Rxc5 23. Rac1 Rac8 24. Kf2 Ng6 25. f4 Kf8 26.
Ke3 Ke7 27. Rc2 Kd6 28. Rfc1 f6 29. a3 e5 30. fxe5+ fxe5 31. Kd2 Rf8 32. b4
axb4 33. cxb4 Rxc2+ 34. Rxc2 Rf3 35. Rc3 Rf2 36. a4 Nf4 37. Re3 d4
{White resigns}
0-1

[Event "ICC tourney 2545 (5 3)"]
[Site "Internet Chess Club"]
[Date "2021.04.11"]
[Round "3"]
[White "volver"]
[Black "Jeffchess"]
[Result "0-1"]
[ICCResult "White resigns"]
[WhiteElo "1340"]
[BlackElo "1422"]
[Opening "French defense"]
[ECO "C01"]
[NIC "QO.17"]
[Time "14:52:10"]
[TimeControl "300+3"]

1. d4 e6 2. e4 d5 3. f3 dxe4 4. fxe4 Qh4+ 5. Kd2 b6 6. Nc3 Qf4+ 7. Ke1 Qh4+
8. g3 Qd8 9. Nf3 Nf6 10. Bg5 c5 11. d5 exd5 12. Nxd5 Be7 13. Nxe7 Qxe7 14.
e5 h6 15. Bf4 Bb7 16. Bg2 Nbd7 17. Kf2 Ne4+ 18. Kg1 Rd8 19. Qe2 c4 20. Qxc4
Ndc5 21. Re1 O-O 22. h4 Qe6 23. Kh2 Qxc4 {White resigns} 0-1

[Event "ICC tourney 2545 (5 3)"]
[Site "Internet Chess Club"]
[Date "2021.04.11"]
[Round "3"]
[White "drskodeh"]
[Black "sudhirkj"]
[Result "1-0"]
[ICCResult "Black checkmated"]
[WhiteElo "1505"]
[BlackElo "1299"]
[Opening "Robatsch (modern) defense"]
[ECO "B06"]
[NIC "KF.06"]
[Time "14:53:43"]
[TimeControl "300+3"]

1. e4 g6 2. Nf3 Nf6 3. Nc3 c5 4. b3 d6 5. Bb2 Nc6 6. Be2 Bg7 7. d3 Bd7 8.
Qd2 a6 9. h3 e5 10. g4 Nd4 11. g5 Nxf3+ 12. Bxf3 Ng8 13. Nd5 h6 14. h4 hxg5
15. hxg5 Rxh1+ 16. Bxh1 Bc6 17. O-O-O Bxd5 18. exd5 Qd7 19. f4 Ne7 20. Qh2
exf4 21. Bxg7 O-O-O 22. Qxf4 Nf5 23. Bf6 Re8 24. Be4 Nd4 25. Bxd4 cxd4 26.
Rh1 Re7 27. Rh8+ Kc7 28. Qf6 b5 29. Qxd4 Qg4 30. Qa7# {Black checkmated} 1-0